 Dungeon Crawl Stone Soup version 0.27.1-33-g824d729ab1 (webtiles) character file.

Game seed: 4370730965596763223

2 unlimited1921 the Firebug (level 1, 0/14 HPs)
             Began as a Demigod Fire Elementalist on Nov 26, 2021.
             Slain by a quokka (1 damage)
             ... on level 1 of the Dungeon.
             The game lasted 00:02:27 (282 turns).

unlimited1921 the Firebug (DgFE)                     Turns: 282, Time: 00:02:27

Health: 0/14       AC:  2    Str:  9    XL:     1   Next: 26%
Magic:  2/5        EV: 12    Int: 17    God:
Gold:   0          SH:  0    Dex: 14    Spells: 2/3 levels left

rFire    . . .     SeeInvis .   d - +0 club
rCold    . . .     Faith    .   (no shield)
rNeg     . . .     Spirit   .   a - +0 robe
rPois    .         Reflect  .   (no helmet)
rElec    .         Harm     .   (no cloak)
rCorr    .         Rampage  .   (no gloves)
Will     .....                  (no boots)
Stlth    ++........             (no amulet)
HPRegen  0.04/turn              (no ring)
MPRegen  0.09/turn              (no ring)

@: no status effects
A: high mp 1, forlorn
a: no special abilities


You were on level 1 of the Dungeon.
You visited 1 branch of the dungeon, and saw 1 of its levels.

Inventory:

Hand Weapons
 d - a +0 club (weapon)
Missiles
 b - 6 boomerangs (quivered)
Armour
 a - a +0 robe (worn)
Potions
 c - a potion of heal wounds {unknown}


   Skills:
 + Level 1.8 Dodging
 + Level 1.8 Stealth
 + Level 1.7 Spellcasting
 + Level 0.8 Conjurations
 + Level 2.8 Fire Magic


You had 2 spell levels left.
You knew the following spells:

 Your Spells              Type           Power      Damage    Failure   Level
a - Foxfire               Conj/Fire      28%        2x1d5     10%         1

Your spell library contained the following spells:

 Spells                   Type           Power      Damage    Failure   Level
 Conjure Flame            Conj/Fire      7%         6-21      28%         3
 Inner Flame              Hex/Fire       6%         N/A       32%         3
 Sticky Flame             Conj/Fire      7%         2d3       67%         4
 Fireball                 Conj/Fire      3%         3d4       95%         5


Dungeon Overview and Level Annotations

Branches:
Dungeon (1/15)


Innate Abilities, Weirdness & Mutations

Your attributes grow dramatically as you level up.
You have an increased reservoir of magic. (+10% MP)
You shall have no god before yourself.


Message History

You closely miss the quokka.
The quokka is severely wounded.
The quokka closely misses you. x2
You hit the quokka but do no damage.
The quokka is severely wounded.
The quokka misses you. The quokka bites you.
Unknown command.
You are too injured to fight recklessly!
Throw: 6 boomerangs
Press: ? - help, Q - select action, (/) - cycle Shift-Dir - straight line, f - quokka
Aim: a quokka (severely wounded, 46% to hit)
You throw a boomerang. The boomerang barely misses the quokka.
The quokka bites you but does no damage.
The quokka closely misses you.
Throw: 6 boomerangs
Press: ? - help, Q - select action, (/) - cycle Shift-Dir - straight line, f/p - quokka
Aim: a quokka (severely wounded, 46% to hit)
You throw a boomerang.
The boomerang hits the quokka but does no damage.
The quokka is severely wounded.
The quokka barely misses you.
Throw: 6 boomerangs
Press: ? - help, Q - select action, (/) - cycle Shift-Dir - straight line, f/p - quokka
Aim: a quokka (severely wounded, 46% to hit)
You throw a boomerang. The boomerang barely misses the quokka.
The quokka bites you.
* * * LOW HITPOINT WARNING * * *
The quokka misses you.
Your magical contamination has completely faded away.
The quokka bites you.
* * * LOW HITPOINT WARNING * * *
Throw: 6 boomerangs
Press: ? - help, Q - select action, (/) - cycle Shift-Dir - straight line, f/p - quokka
Aim: a quokka (severely wounded, 46% to hit)
You throw a boomerang.
The boomerang closely misses the quokka.
The quokka closely misses you.
The quokka twitches its whiskers.
The quokka bites you.
You die...

###.....### #.#
#.........### #.#
............###.#
....≈≈≈.....(.#.#
..≈≈≈≈≈≈≈.....'.#
.≈≈≈≈≈≈≈≈≈....#.#
###############.#
######..######
....>..÷@....#########
####.....r...........#
#.........#######.#
#..........# #..#
#.#........# ###.##
#.#........# #...#
...........# ##.###
...#........###..#
.##........#...##


You could see a quokka.

Vanquished Creatures
  A goblin (D:1)
  A kobold (D:1)
  A rat (D:1)
3 creatures vanquished.

Vanquished Creatures (others)
  10 foxfires (D:1)
10 creatures vanquished.

Grand Total: 13 creatures vanquished

Notes
Turn   | Place    | Note
-------+----------+-------------------------------------------
     0 | D:1      | unlimited1921 the Demigod Fire Elementalist began the quest
                  | for the Orb.
     0 | D:1      | Reached XP level 1. HP: 14/14 MP: 5/5
   282 | D:1      | Slain by a quokka

Illustrated notes

Levels and vault maps discovered:
D:1:      nzn_arrival_depleted_hourglass, layout_rooms,
          shapermc_ecumenical_altar_gd, hangedman_decor_clover_reticule

Action                   || total
-------------------------++-------
Melee: Club              ||     4
Throw: Boomerang         ||     4
 Cast: Foxfire           ||     6
Armor: Robe              ||     1
Dodge: Dodged            ||     8
